 Dungeon Crawl Stone Soup version 0.28.0-43-g3370ac3207 (webtiles) character file.

Game seed: 13880938166244787837

136 Peloso the Covered (level 4, -3/40 HPs)
             Began as a Minotaur Fighter on Mar 27, 2022.
             Killed by divine providence
             ... invoked by an orc priest
              (14 damage)
             ... on level 3 of the Dungeon.
             The game lasted 00:04:00 (2448 turns).

Peloso the Covered (Minotaur Fighter)               Turns: 2448, Time: 00:04:01

Health: -3/40      AC:  9    Str: 20    XL:     4   Next: 98%
Magic:  3/3        EV:  7    Int:  5    God:
Gold:   137        SH:  5    Dex: 12    Spells: 3/3 levels left

rFire   . . .      SeeInvis .   a - +0 long sword
rCold   . . .      Faith    .   c - +0 buckler
rNeg    . . .      Spirit   .   m - +0 chain mail {Will+}
rPois   .          Reflect  .   (helmet restricted)
rElec   .          Harm     .   (no cloak)
rCorr   .          Rampage  .   (no gloves)
Will    ++...                   (no boots)
Stlth   ..........              (no amulet)
HPRegen 0.13/turn               g - ring of willpower
MPRegen 0.08/turn               (no ring)

@: no status effects
A: horns 2, retaliatory headbutt
a: no special abilities


You were on level 3 of the Dungeon.
You visited 1 branch of the dungeon, and saw 3 of its levels.

You collected 137 gold pieces.

Inventory:

Hand Weapons
 a - a +0 long sword (weapon)
 o - a +1 vorpal hand crossbow
Armour
 b - a +0 scale mail
 c - a +0 buckler (worn)
 m - a +0 chain mail of willpower (worn)
Jewellery
 g - a ring of willpower (left hand)
Wands
 k - a wand of acid (8)
Scrolls
 j - 3 scrolls of identify {unknown}
 l - 2 scrolls of teleportation {unknown}
Potions
 d - a potion of might
 e - a potion of degeneration {unknown}
 f - a potion of heal wounds {unknown}
 h - 3 potions of curing {unknown}
 i - a potion of cancellation {unknown}
 n - a potion of lignification {unknown}


   Skills:
 + Level 4.2 Fighting
 + Level 4.0 Long Blades
 + Level 4.7 Armour
 + Level 1.5 Dodging
 + Level 4.2 Shields


You had 3 spell levels left.
You didn't know any spells.
Your spell library was empty.

Dungeon Overview and Level Annotations

Branches:
Dungeon (3/15)

Altars:
Trog
Xom

Annotations:
D:3 3 runed translucent doors, Faeu's ghost, amateur MiFi


Innate Abilities, Weirdness & Mutations

You have a pair of horns on your head.
You reflexively headbutt those who attack you in melee.


Message History

You kill the orc!
The orc priest calls down the wrath of Beogh upon you.
Beogh smites you!
* * * LOW HITPOINT WARNING * * *
You slash the orc!
You kill the orc!
The rat bites you but does no damage.
You barely miss the rat. The rat bites you.
* * * LOW HITPOINT WARNING * * *
You barely miss the rat. You headbutt the rat.
You kill the rat!
You slash the orc!
You kill the orc!
Unknown command.
You hit the hobgoblin.
The hobgoblin is heavily wounded.
The hobgoblin misses you. You block the hobgoblin's attack.
Unknown command.
You hit the hobgoblin but do no damage.
The hobgoblin is heavily wounded.
The hobgoblin hits you but does no damage.
Unknown command.
You barely miss the hobgoblin. Your headbutt misses the hobgoblin.
The hobgoblin is heavily wounded.
The hobgoblin closely misses you.
You closely miss the hobgoblin.
The hobgoblin is heavily wounded.
The hobgoblin hits you but does no damage.
You slash the hobgoblin!
You kill the hobgoblin!
The orc hits you with a +0 club.
* * * LOW HITPOINT WARNING * * *
You closely miss the orc. Your headbutt misses the orc.
The orc closely misses you. You furiously retaliate!
You headbutt the orc. You slash the orc!
You kill the orc!
Found a whip.
The orc priest invokes the aid of Beogh against you.
Beogh smites you!
You die...

##..>...#####...#
#..........#..... .
#.#.....####..... ..
#.###....# #..... ...###
#......#.####(..#
).....###.##.#....#######
#.......#.##.###...##.###
#.......##....##..#....
####..@######.....#....
######o..# ####.......
#...o....# #.......
#........# ###.....
#........# ###...
#........# #...
#........# #...
########## ####


You could see an orc priest.

Vanquished Creatures
  7 adders
  2 dart slugs (D:1)
  4 orcs (D:3)
  4 bats
  6 endoplasms
  A giant cockroach (D:1)
  8 goblins
  6 hobgoblins
  2 jackals (D:1)
  A quokka (D:2)
  3 ball pythons
  3 frilled lizards
  7 kobolds
  9 rats
63 creatures vanquished.

Notes
Turn   | Place    | Note
-------+----------+-------------------------------------------
     0 | D:1      | Peloso the Minotaur Fighter began the quest for the Orb.
     0 | D:1      | Reached XP level 1. HP: 19/19 MP: 0/0
   201 | D:1      | Reached XP level 2. HP: 27/27 MP: 1/1
   768 | D:2      | Found a shimmering altar of Xom.
   855 | D:2      | Reached XP level 3. HP: 18/33 MP: 2/2
  1069 | D:2      | Reached skill level 1 in Dodging
  1372 | D:2      | Found a faded altar of an unknown god.
  1887 | D:3      | Found a runed translucent gate.
  1887 | D:3      | Found a runed translucent gate.
  1888 | D:3      | Found a runed translucent gate.
  1892 | D:3      | Noticed Faeu's ghost (amateur MiFi)
  2043 | D:3      | Reached XP level 4. HP: 40/40 MP: 3/3
  2185 | D:3      | Found a bloodstained altar of Trog.
  2448 | D:3      | Killed from afar by an orc priest

Illustrated notes

Levels and vault maps discovered:
D:1:      tarquinn_simple_flora_water_d, layout_basic
D:2:      layout_basic, shapermc_ecumenical_altar_mp_ritualfount, basic_altar,
          feat_on_display
D:3:      minmay_octagon_keep, layout_rooms, kennysheep_slug_shrine,
          mainiacjoe_overflow_alcove_1, gammafunk_ghost_necromancy,
          serial_curves, eino_curves_04, eino_curves_04

Skill      XL: |  1  2  3  4 |
---------------+-------------+-----
Shields        | 4 |  4.2
Armour         | 4 |  4.7
Long Blades    | 3 4 |  4.0
Fighting       | 4 |  4.2
Dodging        | 1 |  1.5

Action                   |  1- 3 |  4- 6 || total
-------------------------+-------+-------++-------
Melee: Long sword        |    90 |    43 ||   133
       Headbutt          |    14 |     9 ||    23
Armor: Scale mail        |    38 |       ||    38
       Chain mail        |    17 |    17 ||    34
Dodge: Dodged            |    34 |    15 ||    49
Block: Buckler           |    20 |    11 ||    31
